cohdb
Replays
Latest Replays
All Replays
Popular Replays
Top Player Replays
Match Explorer
How It Works
Community
CoH3 Stats
Reddit
Sign in to upload your games and track your stats! →
Sign in with Steam
Lowest ELO's make High ELO Quit
Match 22160073
Overview
Messages
Build Orders
End
Panzergrenadier Squad
Selects Battlefield Espionage Battlegroup
Panzergrenadier Squad
Panzergrenadier Squad
Construct Light Support Kompanie
Selects Sector Subterfuge Beacon
Selects 250/3 Funkpanzerwagen
250/3 Funkpanzerwagen
Panzerjäger Squad
Panzerjäger Mechanized Group
2.5-tonne Medical Truck
Combat Half-tracks
Fire Support Elements
Construct Panzerarmee Kommand
Selects Plunder
Armored Reserves
Selects Advanced Ambush Training
Panzer IV Assault Group
250/3 Funkpanzerwagen
2.5-tonne Medical Truck
Selects Firestorm
Firestorm
[82AD] PaulVmax
DooWop
Erikaze
Re:Re
Tombs
iffc1852
PaniCoC
DadTox
0
0
Comments
sign in to comment!
No comments posted yet!